 Dungeon Sprint DCSS version 0.29-a0-819-g94b489e0ae (webtiles) character file.

Game seed: 5700968579499727643

694 mhtbhm the Grappler (level 7, -4/67 HPs)
             Began as a Pale Draconian Transmuter on July 6, 2022.
             Was an Initiate of Gozag.
             Slain by a vampire (11 damage)
             ... in the Dungeon (Sprint IX: "|||||||||||||||||||||||||||||").
             The game lasted 00:01:21 (369 turns).

mhtbhm the Grappler (Pale Draconian Transmuter)      Turns: 369, Time: 00:01:22

Health: -4/67      AC:  8    Str: 17    XL:     7   Next: 37%
Magic:  12/17      EV: 11    Int: 13    God:    Gozag
Gold:   0          SH:  0    Dex: 12    Spells: 9/19 levels left

rFire   x . .      SeeInvis .     - Unarmed
rCold   + + +      Faith    .   (shield currently unavailable)
rNeg    . . .      Spirit   .   (body armour unavailable)
rPois   +          Reflect  .   (helmet currently unavailable)
rElec   .          Harm     .   (cloak currently unavailable)
rCorr   .          Rampage  .   (gloves currently unavailable)
Will    .....      NoTele   +   (boots currently unavailable)
Stlth   +.........              (no amulet)
HPRegen 0.21/turn               k - +3 ring of strength
MPRegen 0.15/turn               l - +2 ring of protection

@: ice-form (expiring), gold aura, hasted, very quick
A: freezing attack, amphibious, boosted hp, (breathe steam), AC +6, large,
unfitting armour, (cold-blooded), (steam resistance)
a: End Transformation, Renounce Religion, Potion Petition, Call Merchant, Bribe
Branch


You were in the Dungeon.
You worshipped Gozag.
Gozag was noncommittal.
You were a creature of crystalline ice.
You visited 1 branch

Inventory:

Hand Weapons
 j - the +10 zealot's sword {holy, *Rage rN+ EV+3}
   (You found it in the Dungeon)

   It has been blessed by the Shining One to cause great damage to the undead
   and demons.
   Whenever the wielder enters a berserk rage, their allies are berserked
   alongside them.
   EV:        It affects your evasion (+3).
   rN:        It protects you from negative energy.
   *Rage:     It berserks you when you make melee attacks (+20% chance).
Jewellery
 k - a +3 ring of strength (left front paw)
 l - a +2 ring of protection (right front paw)
Wands
 i - a wand of roots (8)
Scrolls
 g - a scroll of blinking
 h - 2 scrolls of amnesia
Potions
 a - a potion of lignification
 b - 3 potions of curing
 c - a potion of invisibility
 e - 4 potions of magic


   Skills:
 + Level 2.7 Fighting
 + Level 5.6 Dodging
 + Level 11.7 Unarmed Combat
 + Level 6.7 Spellcasting
 + Level 6.9 Transmutations


You had 9 spell levels left.
You knew the following spells:

 Your Spells              Type           Power      Damage    Failure   Level
a - Beastly Appendage     Tmut           44%        N/A       1%          1
b - Wereblood             Tmut           22%        N/A       1%          2
c - Spider Form           Tmut/Pois      13%        N/A       12%         3
d - Ice Form              Ice/Tmut       13%        N/A       36%         4

Your spell library contained the following spells:

 Spells                   Type           Power      Damage    Failure   Level


Dungeon Overview and Level Annotations

Branches:
Dungeon (1/1)

Altars:
Cheibriados
Dithmenos
Elyvilon
Fedhas
Gozag
Hepliaklqana
Kikubaaqudgha
Makhleb
Nemelex Xobeh
Okawaru
Qazlal
Ru
Sif Muna
Trog
Uskayaw
Vehumet
Wu Jian
Xom
Yredelemnul
Zin
The Shining One
Jiyva
Lugonu


Innate Abilities, Weirdness & Mutations

You are a creature of crystalline ice.
You have a powerful freezing melee attack.
You are amphibious.
Your maximum health is increased.
Your armour is entirely melded.
You are incapable of wielding weapons or throwing items.
((You can breathe blasts of scalding, opaque steam.))
((Your pale cyan-grey scales are hard. (AC +6)))
You cannot fit into any form of body armour.
((You are cold-blooded and may be slowed by cold attacks.))
((You are immune to the effects of steam.))


Message History

Something bites you but does no damage. The gnoll sergeant closely misses you.
You hit something but do no damage. The gnoll sergeant misses you.
Something hits you!
* * * LOW HITPOINT WARNING * * *
Something bites you.
* * * LOW HITPOINT WARNING * * *
Something draws strength from your injuries!
Unknown command.
Okay, then.
Blink to where?
Press: ? - help, Dir - move target
As you read the scroll of blinking, it crumbles to dust.
Your primal bloodlust is almost over.
Aiming: Fastroot
Press: ? - help, Shift-Dir - straight line The roots erupt in riotous growth!
Unknown command.
Unknown command.
Unknown command.
Aiming: Fastroot
Press: ? - help, Shift-Dir - straight line The roots erupt in riotous growth!
Unknown command.
Unknown command.
Unknown command.
Okay, then.
You feel yourself speed up.
You feel better.
You feel better. Something hits you. Something completely misses you.
You see here a +0 pair of gloves.
You closely miss something.
You howl as the wereblood boils in your veins!
Your transformation is almost over.
Your primal bloodlust has ended.
You closely miss something.
The gnoll sergeant hits you from afar with a +2 trident of protection!
* * * LOW HITPOINT WARNING * * *
Something hits you!
You die...
Your body crumbles into a pile of gold.

▓{▓
$ $
▓.▓
$
▓$▓
$
▓$▓
$
▓$▓
$
▓.▓
$
▓g▓
$
▓[▓
▓Y▓
$
▓[▓
▓.▓
$
▓)▓
$
▓.▓
$
▓.▓
$
▓'▓
$
▓_▓
▓_▓
$


You could see a gnoll sergeant.

Vanquished Creatures
  A wraith (D)
  An acid dragon (D)
  An ice beast (D)
  A black bear (D)
  2 centaurs (D)
  A scorpion (D)
  An orc priest (D)
  2 dart slugs (D)
  A goblin (D)
  A frilled lizard (D)
  A rat (D)
13 creatures vanquished.

Notes
Turn   | Place    | Note
-------+----------+-------------------------------------------
     0 | D        | mhtbhm the Draconian Transmuter began the quest for the
                  | Orb.
     0 | D        | Reached XP level 1. HP: 16/16 MP: 3/3
    16 | D        | Reached skill level 4 in Unarmed Combat
    20 | D        | Reached XP level 2. HP: 12/23 MP: 5/5
   168 | D        | Learned a level 2 spell: Wereblood
   194 | D        | Noticed an ice beast
   194 | D        | Noticed a centaur
   194 | D        | Noticed a black bear
   194 | D        | Noticed a scorpion
   199 | D        | Killed a scorpion
   200 | D        | Reached skill level 6 in Unarmed Combat
   200 | D        | Reached XP level 3. HP: 17/28 MP: 1/8
   206 | D        | Killed a black bear
   207 | D        | Reached skill level 8 in Unarmed Combat
   207 | D        | Reached XP level 4. HP: 35/35 MP: 2/10
   207 | D        | Reached XP level 5. HP: 40/40 MP: 2/11
   210 | D        | Killed a centaur
   211 | D        | Reached skill level 9 in Unarmed Combat
   211 | D        | Reached skill level 5 in Spellcasting
   211 | D        | Reached skill level 5 in Transmutations
   213 | D        | Killed an ice beast
   214 | D        | Reached XP level 6. HP: 45/48 MP: 2/14
   216 | D        | Reached skill level 10 in Unarmed Combat
   228 | D        | Found a snail-covered altar of Cheibriados.
   228 | D        | Found a shadowy altar of Dithmenos.
   228 | D        | Found a white marble altar of Elyvilon.
   228 | D        | Found a blossoming altar of Fedhas.
   228 | D        | Found an opulent altar of Gozag.
   229 | D        | Found a hazy altar of Hepliaklqana.
   230 | D        | Found a viscous altar of Jiyva.
   231 | D        | Found an ancient bone altar of Kikubaaqudgha.
   232 | D        | Found a corrupted altar of Lugonu.
   233 | D        | Found a burning altar of Makhleb.
   234 | D        | Found a sparkling altar of Nemelex Xobeh.
   235 | D        | Found an iron altar of Okawaru.
   236 | D        | Found a stormy altar of Qazlal.
   238 | D        | Became a worshipper of Gozag Ym Sagoz the Greedy
   240 | D        | Found a sacrificial altar of Ru.
   241 | D        | Found a shimmering blue altar of Sif Muna.
   242 | D        | Found a bloodstained altar of Trog.
   243 | D        | Found a hide-covered altar of Uskayaw.
   244 | D        | Found a radiant altar of Vehumet.
   245 | D        | Found an ornate altar of the Wu Jian Council.
   246 | D        | Found a shimmering altar of Xom.
   247 | D        | Found a basalt altar of Yredelemnul.
   248 | D        | Found a glowing silver altar of Zin.
   249 | D        | Found a glowing golden altar of the Shining One.
   257 | D        | Found the +10 zealot's sword {holy, *Rage rN+ EV+3}
   291 | D        | Learned a level 3 spell: Spider Form
   296 | D        | Learned a level 4 spell: Ice Form
   340 | D        | Noticed a shadow
   340 | D        | Noticed a vampire
   340 | D        | Noticed an acid dragon
   340 | D        | Noticed a wraith
   345 | D        | Killed a wraith
   346 | D        | Reached skill level 5 in Dodging
   349 | D        | Reached skill level 11 in Unarmed Combat
   349 | D        | Your scales start taking on a pale cyan-grey colour.
   349 | D        | Reached XP level 7. HP: 39/56 MP: 9/16
   349 | D        | Gained mutation: You are immune to the effects of steam.
                  | [Pale Draconian growth]
   369 | D        | Slain by a vampire

Illustrated notes

Levels and vault maps discovered:
D:        linesprint [early_d, line_temple, items_1, d_10, items_2, lair_1,
          lair_end, items_3, orc_1, orc_end, items_4, d_15, swamp_1, shoals_1,
          snake_1, spider_1, d_20, vaults_1, items_5, swamp_end, shoals_end,
          snake_end, spider_end, vaults_end, d_27, items_6, zot_1, zot_end,
          crypt_end, forest_end, elf_end, slime_end, tomb_end, abyss_end,
          pan_hell_end]

Skill      XL: |  1  2  3  4  5  6 |
---------------+-------------------+-----
Dodging        | 2 3 4 5 |  5.6
Unarmed Combat | 4 6 8 9 11 | 11.7
Spellcasting   | 3 4 5 6 |  6.7
Transmutations | 3 4 5 6 |  6.9
Fighting       | 2 |  2.7

Action                   |  1- 3 |  4- 6 |  7- 9 || total
-------------------------+-------+-------+-------++-------
Melee: Unarmed           |    23 |    14 |    11 ||    48
       Tailslap          |     3 |     1 |       ||     4
       Kick              |     4 |       |       ||     4
       Headbutt          |     2 |       |       ||     2
       Punch             |     1 |     1 |       ||     2
 Cast: Beastly Appendage |     2 |       |       ||     2
       Wereblood         |     1 |     1 |       ||     2
       Ice Form          |       |     1 |       ||     1
Evoke: Wand              |       |       |     2 ||     2
  Use: Potion            |     2 |       |     5 ||     7
       Scroll            |       |       |     1 ||     1
Armor: Skin              |     9 |     4 |     2 ||    15
Dodge: Dodged            |    14 |     6 |    10 ||    30

Table legend: (Time is in decaauts)
 A = Elapsed time spent in this place.
 B = Non-inter-level travel time spent in this place.
 C = Inter-level travel time spent in this place.
 D = Time resting spent in this place.
 E = Time spent auto-exploring this place.
 F = Levels seen in this place.
 G = Mean time per level.
                   A        B        C        D        E       F      G
               +--------+--------+--------+--------+--------+-----+--------+
         Total |    365 |    365 |      0 |    215 |      3 |   1 |  365.0 |
       Dungeon |    365 |    365 |      0 |    215 |      3 |   1 |  365.0 |
               +--------+--------+--------+--------+--------+-----+--------+

Top non-repeatable levels by time:
       D: 365 daAuts
